 Dungeon Crawl Stone Soup version 0.27-a0-1049-g450f9b2e0d (webtiles) character file.

Game seed: 13258708902518211257

17374 kae the Martial Artist (level 11, -5/118 HPs)
             Began as a Demigod Transmuter on Apr 20, 2021.
             Slain by an eight-headed hydra (14 damage)
             ... on level 1 of the Lair of Beasts.
             The game lasted 00:10:19 (17492 turns).

kae the Martial Artist (Demigod Transmuter)        Turns: 17492, Time: 00:10:19

Health: -5/118     AC: 12    Str: 21    XL:     11   Next: 91%
Magic:  19/24      EV: 11    Int: 19    God:
Gold:   788        SH:  0    Dex: 18    Spells: 9/22 levels left

rFire    . . .     SeeInvis .     - Unarmed
rCold    . . .     Faith    .   (shield currently unavailable)
rNeg     . . .     Spirit   .   (armour currently unavailable)
rPois    +         Reflect  .   (helmet currently unavailable)
rElec    .         Harm     .   (cloak currently unavailable)
rCorr    .         Rampage  .   (gloves currently unavailable)
Will     +....                  (boots currently unavailable)
Stlth    ++........             (no amulet)
HPRegen  0.29/turn              e - +6 ring of strength
MPRegen  0.19/turn              s - +4 ring of protection

@: hydra-form
A: fast swimmer, devour, amphibious, boosted hp, very large, high mp 1, forlorn
a: End Transformation


You were on level 1 of the Lair of Beasts.
You were a four-headed hydra.
You visited 2 branches of the dungeon, and saw 12 of its levels.
You also visited: Sewer.

You collected 973 gold pieces.
You spent 185 gold pieces at shops.

Inventory:

Hand Weapons
 b - a +1 spear of flaming (melded)
Missiles
 x - 2 throwing nets
Armour
 a - a +0 robe (melded)
 g - a +1 pair of boots of stealth (melded)
 i - a +2 hat (melded)
 l - a +0 pair of gloves (melded)
Jewellery
 e - a +6 ring of strength (left foreclaw)
 f - a ring of resist corrosion
 k - a ring of willpower
 s - a +4 ring of protection (right foreclaw)
Wands
 m - a wand of paralysis (31)
 n - a wand of flame (81)
 p - a wand of mindburst (23)
 y - a wand of charming (7)
 C - a wand of iceblast (21)
 I - a wand of polymorph (5)
Scrolls
 r - a scroll of brand weapon
 t - 10 scrolls of teleportation
 u - a scroll of silence
 w - 3 scrolls of fear
 B - 2 scrolls of identify
 D - a scroll of summoning
 E - 2 scrolls of magic mapping
 F - 2 scrolls of enchant weapon
 G - a scroll of blinking
Potions
 c - 2 potions of lignification
 d - 2 potions of magic
 h - 4 potions of flight
 j - 11 potions of curing
 q - 2 potions of haste
 v - 2 potions of mutation
 A - 3 potions of attraction


   Skills:
 + Level 6.6 Fighting
 + Level 6.8 Dodging
 * Level 9.9 Unarmed Combat
 + Level 6.3 Spellcasting
 * Level 9.6 Transmutations
 - Level 5.0 Ice Magic
 - Level 2.5 Poison Magic


You had 9 spell levels left.
You knew the following spells:

 Your Spells              Type           Power      Damage    Failure   Level
a - Beastly Appendage     Tmut           84%        N/A       1%          1
b - Spider Form           Tmut/Pois      14%        N/A       2%          3
c - Ice Form              Ice/Tmut       33%        N/A       5%          4
d - Hydra Form            Tmut           21%        N/A       5%          5

Your spell library contained the following spells:

 Spells                   Type           Power      Damage    Failure   Level
 Wereblood                Tmut           42%        N/A       1%          2
 Animate Skeleton         Necr           12%        N/A       11%         1
 Apportation              Tloc           12%        N/A       11%         1
 Corona                   Hex            6%         N/A       11%         1
 Foxfire                  Conj/Fire      24%        2x1d5     11%         1
 Pain                     Necr           24%        1d5       11%         1
 Summon Small Mammal      Summ           24%        N/A       11%         1
 Conjure Flame            Conj/Fire      6%         6-21      32%         3
 Inner Flame              Hex/Fire       6%         N/A       32%         3
 Vampiric Draining        Necr           3%         2d6       32%         3
 Animate Dead             Necr           3%         N/A       71%         4
 Sticky Flame             Conj/Fire      6%         2d3       71%         4
 Agony                    Necr           6%         N/A       96%         5
 Fireball                 Conj/Fire      3%         3d4       96%         5


Dungeon Overview and Level Annotations

Branches:
Dungeon (11/15)            Temple (0/1) D:7            Lair (1/6) D:11
    Orc (0/2) D:10          Sewer (visited)

Shops:
D:4 =:[*[   D:5 [   D:7 [   D:10 *   D:11 [

Annotations:
D:11 Harold


Innate Abilities, Weirdness & Mutations

You are a four-headed hydra.
You swim very quickly.
You can devour living enemies to heal.
You are amphibious.
Your maximum health is greatly increased.
Your armour is entirely melded.
You are incapable of wielding weapons or throwing items.
Your attributes grow dramatically as you level up.
You have an increased reservoir of magic. (+10% MP)
You shall have no god before yourself.


Message History

An eight-headed hydra is nearby!
An eight-headed hydra is nearby!
You hit the eight-headed hydra. You burn the eight-headed hydra.
The eight-headed hydra is lightly wounded.
The eight-headed hydra barely misses you.
The eight-headed hydra misses you.
The eight-headed hydra closely misses you.
The eight-headed hydra bites you! x2
The eight-headed hydra bites you but does no damage.
The eight-headed hydra bites you. x3
The eight-headed hydra bites you but does no damage.
The eight-headed hydra barely misses you.
The eight-headed hydra bites you but does no damage.
The eight-headed hydra closely misses you.
The eight-headed hydra barely misses you.
The eight-headed hydra bites you but does no damage.
The eight-headed hydra bites you!
Casting: Hydra Form (dangerous; 5% risk of failure)
Confirm with . or Enter, or press ? or * to list all spells.
You turn into a four-headed hydra.
Your +1 spear of flaming melds into your body.
Your +2 hat melds into your body.
Your +0 pair of gloves melds into your body.
Your +1 pair of boots of stealth melds into your body.
Your +0 robe melds into your body.
Your +1 spear of flaming stops flaming.
You feel less stealthy. The eight-headed hydra bites you. x2
The eight-headed hydra barely misses you.
The eight-headed hydra closely misses you.
The eight-headed hydra bites you. x2
The eight-headed hydra bites you but does no damage. x2
The eight-headed hydra bites you! x2
* * * LOW HITPOINT WARNING * * *
The eight-headed hydra closely misses you.
The eight-headed hydra bites you.
* * * LOW HITPOINT WARNING * * *
The eight-headed hydra closely misses you.
The eight-headed hydra bites you!
* * * LOW HITPOINT WARNING * * *
The eight-headed hydra bites you!
You die...

.........................#
.....#########P##........#
.....# ####........#
....)# ##.......# .....#
#........ .....P#
##........ .....## ##
#......... .....#
.###.P##......... ......
......DD.........
.................
....)............
.................
#P.#########P.### ## ###


You could see an eight-headed hydra.

Vanquished Creatures
  Gastronok (Lair:1)
  Erolcha (D:11)
  3 two-headed ogres
  Nergalle (D:11)
  Pikel (D:5)
  2 cyclopes (D:11)
  An ugly thing (D:11)
  Joseph (D:8)
  2 cane toads (Lair:1)
  A kobold demonologist (D:10)
  3 komodo dragons (Lair:1)
  2 hornets
  A shadow (D:9)
  3 wyverns
  A vampire (D:11)
  2 basilisks
  5 yaks
  2 wraiths
  2 steam dragons
  Grum (D:10)
  A vampire mosquito (D:10)
  4 water moccasins
  An ice beast (D:4)
  2 black bears
  6 orc warriors
  5 sky beasts
  8 ogres
  4 wolves (D:10)
  4 centaurs
  2 phantoms
  A kobold brigand (Sewer)
  3 lemures (D:5)
  Blork the orc (D:4)
  4 gnoll sergeants
  3 bullfrogs
  2 scorpions (D:5)
  A wyvern skeleton (D:7)
  A water moccasin skeleton (D:4)
  6 wights
  3 howler monkeys (D:9)
  2 bullfrog zombies
  A jelly (D:4)
  6 orc priests
  3 centaur skeletons
  4 centaur zombies
  5 hounds
  A bullfrog skeleton (D:5)
  2 iguanas
  Terence (D:3)
  Natasha (thrice) (D:3)
  4 orc wizards
  2 killer bee zombies (D:8)
  2 hound skeletons
  A howler monkey skeleton (D:5)
  21 gnolls
  7 adders
  2 shadow imps
  2 ufetubi
  An adder skeleton (D:5)
  2 worms
  4 dart slugs
  22 orcs
  6 ball pythons
  10 endoplasms
  4 giant cockroaches
  9 goblins
  6 hobgoblins
  3 jackals
  2 quokkas
  6 bats
  14 frilled lizards
  5 kobolds
  14 rats
275 creatures vanquished.

Vanquished Creatures (others)
  2 fungi (Lair:1)
  13 plants
15 creatures vanquished.

Grand Total: 290 creatures vanquished

Notes
Turn   | Place    | Note
-------+----------+-------------------------------------------
     0 | D:1      | kae the Demigod Transmuter began the quest for the Orb.
     0 | D:1      | Reached XP level 1. HP: 15/15 MP: 5/5
    63 | D:1      | Reached skill level 1 in Fighting
   409 | D:1      | Reached XP level 2. HP: 19/23 MP: 5/7
  1113 | D:1      | Reached XP level 3. HP: 26/28 MP: 8/8
  1117 | D:1      | Learned a level 3 spell: Spider Form
  1934 | D:2      | Reached XP level 4. HP: 27/35 MP: 7/9
  2097 | D:2      | Reached skill level 1 in Poison Magic
  3154 | D:3      | Noticed Terence
  3281 | D:3      | Killed Terence
  3715 | D:3      | Reached XP level 5. HP: 32/40 MP: 11/11
  3829 | D:3      | Noticed Natasha
  3853 | D:3      | Killed Natasha
  4063 | D:3      | Noticed Natasha
  4073 | D:3      | Killed Natasha
  4183 | D:3      | Noticed Natasha
  4190 | D:3      | Killed Natasha
  4535 | D:4      | Found Fiovimpy's Antique Armour Emporium.
  4611 | D:4      | Found Virgha's Antique Armour Boutique.
  4614 | D:4      | Bought a pair of embroidered boots for 157 gold pieces
  4632 | D:4      | Noticed an ogre
  4653 | D:4      | Killed an ogre
  4654 | D:4      | Reached XP level 6. HP: 46/48 MP: 8/12
  4679 | D:4      | Found Ezxa Aso's Jewellery Shoppe.
  4938 | D:4      | Found Fuokin's Book Boutique.
  5142 | D:4      | Found Tupt's General Store.
  5176 | D:4      | Learned a level 4 spell: Ice Form
  5252 | D:4      | Bought a scroll of identify for 28 gold pieces
  5428 | D:4      | Reached XP level 7. HP: 52/56 MP: 10/14
  5530 | D:4      | Noticed Blork the orc
  5538 | D:4      | Killed Blork the orc
  5734 | D:5      | Entered Level 5 of the Dungeon
  5737 | D:5      | Noticed Pikel
  5839 | D:5      | Reached skill level 1 in Ice Magic
  5973 | D:5      | Reached skill level 5 in Unarmed Combat
  5983 | D:5      | Reached XP level 8. HP: 53/63 MP: 13/16
  6019 | D:5      | Found a glowing drain.
  6038 | Sewer    | Entered a sewer
  6537 | D:5      | Killed Pikel
  6538 | D:5      | Reached skill level 5 in Transmutations
  6991 | D:5      | Found Harotsau's Antique Armour Boutique.
  7328 | D:5      | Reached XP level 9. HP: 69/71 MP: 13/18
  8184 | D:6      | Learned a level 5 spell: Hydra Form
  9905 | D:7      | Reached skill level 5 in Ice Magic
  9916 | D:7      | HP: 2/86 [something (6)]
 10161 | D:7      | Found a staircase to the Ecumenical Temple.
 10436 | D:7      | Found Xelilaka's Armour Shoppe.
 11349 | D:8      | Noticed a two-headed ogre
 11355 | D:8      | Killed a two-headed ogre
 11356 | D:8      | Reached XP level 10. HP: 80/80 MP: 16/20
 11703 | D:8      | Noticed Joseph
 11713 | D:8      | Killed Joseph
 11714 | D:8      | Reached skill level 5 in Dodging
 12336 | D:9      | Noticed a two-headed ogre
 12344 | D:9      | Killed a two-headed ogre
 12345 | D:9      | Reached skill level 5 in Fighting
 12592 | D:9      | Reached skill level 5 in Spellcasting
 13302 | D:9      | Noticed a skeletal warrior
 13303 | D:9      | Noticed a centaur warrior
 13633 | D:10     | Entered Level 10 of the Dungeon
 13810 | D:10     | Found a staircase to the Orcish Mines.
 14377 | D:10     | Found Joistuf Lul's Assorted Antiques.
 14837 | D:10     | Noticed Grum
 14845 | D:10     | Killed Grum
 14960 | D:10     | Noticed a two-headed ogre
 14967 | D:10     | Killed a two-headed ogre
 14968 | D:10     | Reached XP level 11. HP: 89/89 MP: 17/23
 15666 | D:11     | Noticed Harold
 15839 | D:11     | Found a staircase to the Lair.
 16041 | D:11     | Noticed Erolcha
 16340 | D:11     | Found Xujo's Antique Armour Boutique.
 16340 | D:11     | Noticed Nergalle
 16351 | D:11     | Killed Nergalle
 16484 | D:11     | Killed Erolcha
 16898 | Lair:1   | Entered Level 1 of the Lair of Beasts
 17252 | Lair:1   | Noticed Gastronok
 17272 | Lair:1   | Killed Gastronok
 17488 | Lair:1   | Noticed an eight-headed hydra
 17492 | Lair:1   | Slain by an eight-headed hydra

Illustrated notes

Levels and vault maps discovered:
D:1:      kennysheep_arrival_forest, layout_basic, serial_bayou,
          serial_bayou_lagoon_b, serial_bayou_shore_a, serial_bayou_pond_a,
          serial_bayou_crossing, minmay_tiny_reverse_x
D:2:      layout_rooms, columned_hall_lemuel, minmay_lizard_king
D:3:      layout_rooms, gammafunk_temple_overflow_pools,
          wander_ebering_terrifying_dragon_lair, uniq_terence, uniq_natasha
D:4:      layout_rooms, nicolae_uskayaw_dance_hall, serial_shops, shop,
          nicolae_shop_crystal, shop, kennysheep_mini, shop, uniq_blork_the_orc
D:5:      minmay_bubble_buster, layout_basic, lemuel_tele_altar,
          portal_sewer_entry_b, serial_shops, nicolae_shop_crystal,
          minmay_crossroads, uniq_pikel
D:6:      layout_loops_corners, ashenzari_conservatory_becter
D:7:      layout_cave_pods, minmay_temple_entry_enclosed_plants, serial_shops,
          shop
D:8:      layout_basic, uniq_joseph
D:9:      layout_basic, kennysheep_mini_moat, lightli_corner_chamber
D:10:     layout_irregular_city, david_orc_1_choice, serial_shops,
          nicolae_shop_waterfront, st_stairs_6, eino_tiny_chamber,
          hangedman_abyss_or_decor_clamps, serial_park_tiny_2, uniq_grum
D:11:     minmay_distorted_concentric_squares, layout_cave_pools,
          david_lair_generic, serial_shops, shop, uniq_erolcha, uniq_nergalle,
          uniq_harold
Lair:1:   layout_chaotic_city, nicolae_quartered_pool_super, grunt_megastairs_3,
          uniq_gastronok

Skill      XL: |  1  2  3  4  5  6  7  8  9 10 11 |
---------------+----------------------------------+-----
Fighting       | 1 2 3 4 5 6 |  6.6
Transmutations | 2 3 4 5 7 8 9 |  9.6
Unarmed Combat | 3 4 5 6 7 8 9 |  9.9
Spellcasting   | 2 3 4 5 6 |  6.3
Dodging        | 2 3 4 5 6 |  6.8
Poison Magic   | 1 2 |  2.5
Ice Magic      | 2 3 5 |  5.0

Action                   |  1- 3 |  4- 6 |  7- 9 | 10-12 || total
-------------------------+-------+-------+-------+-------++-------
Melee: Unarmed           |    19 |    55 |   282 |   264 ||   620
       Spear             |    92 |   142 |    43 |    16 ||   293
       Kick              |    17 |    22 |       |       ||    39
       Headbutt          |     9 |    14 |       |       ||    23
       Punch             |     1 |     2 |     1 |       ||     4
 Cast: Beastly Appendage |    23 |    22 |       |       ||    45
       Spider Form       |       |    11 |    10 |       ||    21
       Ice Form          |       |       |    23 |     5 ||    28
       Hydra Form        |       |       |       |    33 ||    33
Evoke: Wand              |       |       |     1 |       ||     1
  Use: Scroll            |       |     8 |    10 |     4 ||    22
       Potion            |       |       |     3 |     4 ||     7
 Stab: Sleeping          |     1 |     2 |     3 |     1 ||     7
Armor: Robe              |    14 |    22 |    12 |     6 ||    54
       Skin              |       |     2 |    76 |    87 ||   165
Dodge: Dodged            |    53 |   111 |   218 |   134 ||   516

Table legend: (Time is in decaauts)
 A = Elapsed time spent in this place.
 B = Non-inter-level travel time spent in this place.
 C = Inter-level travel time spent in this place.
 D = Time resting spent in this place.
 E = Time spent auto-exploring this place.
 F = Levels seen in this place.
 G = Mean time per level.
                   A        B        C        D        E       F      G
               +--------+--------+--------+--------+--------+-----+--------+
         Total |  17530 |  16976 |    554 |    821 |  14067 |  13 | 1348.5 |
       Dungeon |  16684 |  16131 |    553 |    670 |  13542 |  11 | 1516.7 |
          Lair |    581 |    581 |      0 |    151 |    315 |   1 |  581.0 |
         Sewer |    264 |    264 |      0 |      0 |    210 |   1 |  264.0 |
               +--------+--------+--------+--------+--------+-----+--------+

Top non-repeatable levels by time:
    D:10: 1866 daAuts
     D:1: 1834 daAuts
     D:6: 1786 daAuts
     D:5: 1672 daAuts
     D:8: 1494 daAuts
     D:9: 1446 daAuts
    D:11: 1411 daAuts
     D:2: 1383 daAuts
     D:3: 1348 daAuts
     D:4: 1252 daAuts
     D:7: 1186 daAuts
  Lair:1: 581 daAuts
   Sewer: 264 daAuts
